General information
- name: BNet
- type: Ladder 1vs1/FFA
- host: Battle.net
- saver: VELOX_NEB
map: EchoIsles
- players: 2
- length: 21:20
- speed: Fast
- version: 1.21 W3XP
- replay type: Public
» download(82 KB)
Players
team 1 (winner)
VELOX_NEB (
green | 92 APM | 1966 actions | 21:20)
6 Far Seer
3 Feral Spirit
2 Chain Lighting
1 Earth Quake
3 Firelord
1 Summon Lava Spawn
2 Soul Burn
» actions
| Assign group hotkey | 71 | |
| Basic commands | 234 | |
| Build / train | 66 | |
| ESC pressed | 3 | |
| Enter build submenu | 16 | |
| Enter hero's abilities submenu | 9 | |
| Remove unit from queue | 2 | |
| Right click | 716 | |
| Select / deselect | 487 | |
| Select group hotkey | 237 | |
| Use ability | 125 | |
1966 total
» units
| Peon | 7 | |
| Grunt | 16 | |
| Raider | 9 | |
| Spirit Walker | 4 | |
36 total
» upgrades
| Berserker Strength | 1 | |
| Ensnare | 1 | |
| Armor | 1 | |
| Spirit Walker Training | 1 | |
| Melee Weapons | 1 | |
5 total
» buildings
| Altar of Storms | 1 | |
| Orc Burrow | 5 | |
| Barracks | 1 | |
| Stronghold | 1 | |
| Voodoo Lounge | 3 | |
| War Mill | 1 | |
| Beastiary | 1 | |
| Spirit Lodge | 1 | |
14 total
» build order
00:08 Altar of Storms
00:22 Orc Burrow
00:36 Barracks
01:33 Orc Burrow
02:40 Stronghold
03:44 Orc Burrow
03:54 Voodoo Lounge
04:35 Orc Burrow
04:50 Voodoo Lounge
05:00 Voodoo Lounge
05:05 Orc Burrow
05:59 War Mill
07:46 Beastiary
10:13 Spirit Lodge
» items
| Healing Salve | 2 | |
| Potion of Healing | 3 | |
| Lesser Clarity Potion | 5 | |
| Scroll of Speed | 1 | |
11 total
team 2 (loser)
zq007 (
blue | 139 APM | 2964 actions | 21:19)
4 Blademaster
2 Wind Walk
2 Critical Strike
2 Beastmaster
1 Summon Quilbeast
1 Summon Bear
3 Naga Sea Witch
1 Frost Arrows
2 Forked Lightning
» actions
| Assign group hotkey | 45 | |
| Basic commands | 110 | |
| Build / train | 88 | |
| Enter build submenu | 11 | |
| Enter hero's abilities submenu | 9 | |
| Give item / drop item | 2 | |
| Remove unit from queue | 1 | |
| Right click | 1674 | |
| Select / deselect | 337 | |
| Select group hotkey | 540 | |
| Use ability | 147 | |
2964 total
» units
| Peon | 8 | |
| Grunt | 7 | |
| Shaman | 2 | |
| Tauren | 5 | |
22 total
» upgrades
| Berserker Strength | 1 | |
| Shaman Training | 2 | |
| Pulverize | 1 | |
4 total
» buildings
| Altar of Storms | 1 | |
| Orc Burrow | 5 | |
| Barracks | 1 | |
| Voodoo Lounge | 1 | |
| Stronghold | 1 | |
| War Mill | 1 | |
| Fortress | 1 | |
| Spirit Lodge | 1 | |
| Tauren Totem | 1 | |
13 total
» build order
00:08 Altar of Storms
00:13 Orc Burrow
00:52 Barracks
01:30 Orc Burrow
01:39 Voodoo Lounge
03:06 Stronghold
05:21 Orc Burrow
05:41 War Mill
07:32 Fortress
08:13 Spirit Lodge
10:04 Tauren Totem
10:58 Orc Burrow
12:48 Orc Burrow
» items
| Healing Salve | 7 | |
| Potion of Healing | 10 | |
| Lesser Clarity Potion | 5 | |
| Scroll of Speed | 2 | |
| Orb of Lightning | 1 | |
| Potion of Mana | 1 | |
26 total
Chat log
(00:42 / All) zq007: gl
(00:45 / All) VELOX_NEB: u2